ITL
WABA DUCKS @ INDIANA HOUNDS
07/10/2025
 
TOP OF THE 1ST
Waba Ducks batting - Pitching for Indiana Hounds : LHP Darren Blackwell
Pitching: LHP Darren Blackwell
Batting: RHB Don Keating 0-0: Ball
1-0: Called Strike
1-1: Ball
2-1: Ball
3-1: Called Strike
3-2: Fly out, F9 (Flyball, 89S)
Batting: RHB Ed Small 0-0: Swinging Strike
0-1: Foul Ball, location: 2F
0-2: Ground out 5-3 (Groundball, 5S)
Batting: LHB José Berroa 0-0: Ball
1-0: Ball
2-0: SINGLE (Groundball, 4MD)
Batting: LHB Terry White 0-0: Ball
1-0: Ground out 1-3 (Groundball, 15)
Top of the 1st over - 0 run(s), 1 hit(s), 0 error(s), 1 left on base; Waba 0 - Indiana 0
BOTTOM OF THE 1ST
Indiana Hounds batting - Pitching for Waba Ducks : RHP Tyrone Williams
Pitching: RHP Tyrone Williams
Batting: RHB Víctor Chávez 0-0: Called Strike
0-1: Foul Ball, location: 2F
0-2: Ground out 5-3 (Groundball, 5S)
Batting: RHB Will Brown 0-0: Ball
1-0: Called Strike
1-1: Swinging Strike
1-2: SINGLE (Groundball, 56D)
Batting: RHB Doug Murray 0-0: Foul Ball, location: 2F
0-1: Ball
1-1: Ball
2-1: Ball
3-1: Foul Ball, location: 2F
3-2: Base on Balls
Will Brown to second
Batting: RHB Barney Lawson 0-0: Called Strike
0-1: Fly out, F9 (Flyball, 9LM)
Batting: RHB Danny Walker 0-0: Called Strike
0-1: Foul Ball, location: 2F
0-2: Foul Ball, location: 2F
0-2: DOUBLE (Flyball, 78D)
Will Brown scores
Doug Murray to third
Runner from 3rd tries for Home, SAFE, no throw or cutoff
Batting: RHB António Venecia 0-0: Ball
1-0: Ground out 6-3 (Groundball, 6M)
Bottom of the 1st over - 2 run(s), 2 hit(s), 0 error(s), 1 left on base; Waba 0 - Indiana 2
TOP OF THE 2ND
Waba Ducks batting - Pitching for Indiana Hounds : LHP Darren Blackwell
Batting: RHB Pepe Medrano 0-0: Ball
1-0: Ball
2-0: Ball
3-0: Called Strike
3-1: Called Strike
3-2: Foul Ball, location: 2F
3-2: Base on Balls
Batting: SHB Cisco Álvarez 0-0: Called Strike
0-1: Ball
1-1: Ball
2-1: Foul Ball, location: 2F
2-2: Foul Ball, location: 2F
2-2: Foul Ball, location: 2F
2-2: Ball
3-2: Strikes out swinging
Batting: LHB Javier Orozco 0-0: Foul Ball, location: 2F
0-1: Fly out, F8 (Flyball, 8RD)
Batting: RHB Ramón Torres 0-0: Called Strike
0-1: Called Strike
0-2: Foul Ball, location: 2F
0-2: Strikes out swinging
Top of the 2nd over - 0 run(s), 0 hit(s), 0 error(s), 1 left on base; Waba 0 - Indiana 2
BOTTOM OF THE 2ND
Indiana Hounds batting - Pitching for Waba Ducks : RHP Tyrone Williams
Batting: LHB Clint Parkinson 0-0: Ball
1-0: SINGLE (Line Drive, 6D)
Batting: LHB Pepe Vázquez 0-0: Ball
1-0: Ball
2-0: SINGLE (Line Drive, 4D)
Clint Parkinson to second
Runner from 2nd tries for 3rd, OUT!
Batting: RHB Paco Castillo 0-0: Ball
1-0: Called Strike
1-1: Grounds into double play, 6-4-3 (Groundball, 6)
Bottom of the 2nd over - 0 run(s), 2 hit(s), 0 error(s), 0 left on base; Waba 0 - Indiana 2
TOP OF THE 3RD
Waba Ducks batting - Pitching for Indiana Hounds : LHP Darren Blackwell
Batting: RHB Alberto Sandoval 0-0: Foul Ball, location: 2F
0-1: Ball
1-1: Foul Ball, location: 2F
1-2: Foul Ball, location: 2F
1-2: Strikes out swinging
Batting: RHB Don Keating 0-0: Ball
1-0: Ball
2-0: Fly out, F8 (Flyball, 8LXD)
Batting: RHB Ed Small 0-0: Called Strike
0-1: Ball
1-1: Foul Ball, location: 2F
1-2: Foul Ball, location: 2F
1-2: Fly out, F8 (Flyball, 8LM)
Top of the 3rd over - 0 run(s), 0 hit(s), 0 error(s), 0 left on base; Waba 0 - Indiana 2
BOTTOM OF THE 3RD
Indiana Hounds batting - Pitching for Waba Ducks : RHP Tyrone Williams
Batting: RHB Víctor Chávez 0-0: SINGLE (Line Drive, 56)
Batting: RHB Will Brown 0-0: Ball
1-0: Grounds into double play, 6-4-3 (Groundball, 6)
Batting: RHB Doug Murray 0-0: Called Strike
Reached via error on a dropped throw, E1
Batting: RHB Barney Lawson 0-0: Ball
1-0: Ball
2-0: SINGLE (Groundball, 6MD)
Doug Murray to second
Runner from 2nd tries for 3rd, SAFE, throw made to third
Batting: RHB Danny Walker 0-0: Fielders Choice at 2nd, U4 (Groundball, 4M)
Bottom of the 3rd over - 0 run(s), 2 hit(s), 1 error(s), 2 left on base; Waba 0 - Indiana 2
TOP OF THE 4TH
Waba Ducks batting - Pitching for Indiana Hounds : LHP Darren Blackwell
Batting: LHB José Berroa 0-0: Foul Ball, location: 2F
0-1: Ball
1-1: Ball
2-1: Ball
3-1: Called Strike
3-2: Foul Ball, location: 2F
3-2: Foul Ball, location: 2F
3-2: Strikes out swinging
Batting: LHB Terry White 0-0: Fly out, F8 (Line Drive, 8RXD)
Batting: RHB Pepe Medrano 0-0: Called Strike
0-1: SINGLE (Groundball, 56D)
Batting: SHB Cisco Álvarez 0-0: Ball
1-0: Ball
2-0: Ball
3-0: Base on Balls
Pepe Medrano to second
Batting: LHB Javier Orozco 0-0: Ball
1-0: Called Strike
1-1: Foul Ball, location: 2F
1-2: Fly out, F3 (Line Drive, 3)
Top of the 4th over - 0 run(s), 1 hit(s), 0 error(s), 2 left on base; Waba 0 - Indiana 2
BOTTOM OF THE 4TH
Indiana Hounds batting - Pitching for Waba Ducks : RHP Tyrone Williams
Batting: RHB António Venecia 0-0: Ball
1-0: Foul Ball, location: 2F
1-1: Called Strike
1-2: Ball
2-2: Strikes out looking
Batting: LHB Clint Parkinson 0-0: Ball
1-0: Foul Ball, location: 2F
1-1: DOUBLE (Line Drive, 9LM)
Batting: LHB Pepe Vázquez 0-0: Ball
1-0: Ball
2-0: Ground out 4-3 (Groundball, 4)
Clint Parkinson to third
Batting: RHB Paco Castillo 0-0: Ball
1-0: Ball
2-0: Called Strike
2-1: Swinging Strike
2-2: Ball
3-2: Strikes out swinging
Bottom of the 4th over - 0 run(s), 1 hit(s), 0 error(s), 1 left on base; Waba 0 - Indiana 2
TOP OF THE 5TH
Waba Ducks batting - Pitching for Indiana Hounds : LHP Darren Blackwell
Batting: RHB Ramón Torres 0-0: Ground out 5-3 (Groundball, 15S)
Batting: RHB Alberto Sandoval 0-0: Ball
1-0: Reached on error, E6 (Groundball, 6)
Batting: RHB Don Keating 0-0: Ball
1-0: Foul Ball, location: 2F
1-1: Swinging Strike
1-2: Strikes out swinging
Batting: RHB Ed Small 0-0: Called Strike
0-1: Ball
1-1: Swinging Strike
1-2: Ball
2-2: Foul Ball, location: 2F
2-2: Foul Ball, location: 2F
2-2: SINGLE (Groundball, 34D)
Alberto Sandoval to second
Runner from 2nd tries for 3rd, SAFE, no throw or cutoff
Batting: LHB José Berroa 0-0: Ball
1-0: Ball
2-0: Fly out, F7 (Flyball, 78M)
Top of the 5th over - 0 run(s), 1 hit(s), 1 error(s), 2 left on base; Waba 0 - Indiana 2
BOTTOM OF THE 5TH
Indiana Hounds batting - Pitching for Waba Ducks : RHP Tyrone Williams
Batting: RHB Víctor Chávez 0-0: Ball
1-0: Foul Ball, location: 2F
1-1: Ball
2-1: Ball
3-1: Base on Balls
Batting: RHB Will Brown 0-0: Fly out, F7 (Flyball, 7D)
Batting: RHB Doug Murray 0-0: Called Strike
0-1: Foul Ball, location: 2F
0-2: Foul Ball, location: 2F
0-2: Ball
1-2: Ball
2-2: Grounds into double play, 6-4-3 (Groundball, 6)
Bottom of the 5th over - 0 run(s), 0 hit(s), 0 error(s), 0 left on base; Waba 0 - Indiana 2
TOP OF THE 6TH
Waba Ducks batting - Pitching for Indiana Hounds : LHP Darren Blackwell
Batting: LHB Terry White 0-0: Fly out, F7 (Flyball, 7LM)
Batting: RHB Pepe Medrano 0-0: Ball
1-0: Foul Ball, location: 2F
1-1: Foul Ball, location: 2F
1-2: Hit by Pitch
Batting: SHB Cisco Álvarez 0-0: Called Strike
0-1: Foul Ball, location: 2F
0-2: Ball
Pepe Medrano steals 2nd base
1-2: Ball
2-2: Ball
Passed Ball!
Pepe Medrano to third
3-2: Foul Ball, location: 2F
3-2: SINGLE (Groundball, 4M)
Pepe Medrano scores
Batting: LHB Javier Orozco 0-0: Ball
1-0: Called Strike
1-1: 2-RUN HOME RUN (Flyball, 8RXD), Distance : 387 ft
Batting: RHB Ramón Torres 0-0: Ground out 5-3 (Groundball, 56)
Batting: RHB Alberto Sandoval 0-0: Called Strike
0-1: Ball
1-1: Ball
2-1: Swinging Strike
2-2: Strikes out swinging
Top of the 6th over - 3 run(s), 2 hit(s), 0 error(s), 0 left on base; Waba 3 - Indiana 2
BOTTOM OF THE 6TH
Indiana Hounds batting - Pitching for Waba Ducks : RHP Tyrone Williams
Batting: RHB Barney Lawson 0-0: SINGLE (Flyball, 8LS)
Batting: RHB Danny Walker 0-0: Called Strike
0-1: Grounds into double play, 1-4-3 (Groundball, 23)
Batting: RHB António Venecia 0-0: Ball
1-0: Called Strike
1-1: Ground out 5-3 (Groundball, 5S)
Bottom of the 6th over - 0 run(s), 1 hit(s), 0 error(s), 0 left on base; Waba 3 - Indiana 2
TOP OF THE 7TH
Waba Ducks batting - Pitching for Indiana Hounds : LHP Darren Blackwell
Pitching: RHP Teddy Mathews
Batting: RHB Don Keating 0-0: Ball
1-0: Fly out, F8 (Line Drive, 89D)
Batting: RHB Ed Small 0-0: Ball
1-0: Ball
2-0: Ball
3-0: Base on Balls
Pitching: LHP Chu-chu Ch'oe
Pinch Hitting: RHB Chris Osborn 0-0: Ball
1-0: Fly out, F9 (Popup, 34D)
Pitching: LHP Ian DeMichelis
Batting: LHB Terry White 0-0: Ball
1-0: Ball
2-0: Swinging Strike
2-1: Foul Ball, location: 2F
2-2: Foul Ball, location: 2F
2-2: Strikes out swinging
Top of the 7th over - 0 run(s), 0 hit(s), 0 error(s), 1 left on base; Waba 3 - Indiana 2
BOTTOM OF THE 7TH
Indiana Hounds batting - Pitching for Waba Ducks : RHP Tyrone Williams
Now in RF: Chris Osborn
Batting: LHB Clint Parkinson 0-0: Ball
1-0: SOLO HOME RUN (Flyball, 9LD), Distance : 331 ft
Pinch Hitting: RHB Marc Ploughman 0-0: Ball
1-0: Ball
2-0: Ball
3-0: Called Strike
3-1: Called Strike
3-2: Strikes out swinging
Pinch Hitting: LHB Dave Helásquez 0-0: Ball
1-0: Ball
2-0: Ground out 5-3 (Groundball, 56)
Batting: RHB Víctor Chávez 0-0: Ball
1-0: SINGLE (Groundball, 6MD)
Batting: RHB Will Brown 0-0: Ball
1-0: Fielders Choice at 2nd, 5-4 (Groundball, 5)
Bottom of the 7th over - 1 run(s), 2 hit(s), 0 error(s), 0 left on base; Waba 3 - Indiana 3
TOP OF THE 8TH
Waba Ducks batting - Pitching for Indiana Hounds : LHP Ian DeMichelis
Now in CF: Don Simpson
Now in RF: Marc Ploughman
Batting: RHB Pepe Medrano 0-0: Ball
1-0: Ball
2-0: Ball
3-0: Base on Balls
Batting: SHB Cisco Álvarez 0-0: Sac Bunt - play at first, batter safe!
Pepe Medrano to second
Batting: LHB Javier Orozco 0-0: Sac Bunt - play at third, runner OUT! 1-6
Cisco Álvarez to second
Pinch Runner at 2nd Joaquín González:
Batting: RHB Ramón Torres 0-0: Ball
Joaquín González steals 3rd base
Javier Orozco to second
1-0: Intentional Walk
Batting: RHB Alberto Sandoval 0-0: Ball
1-0: Called Strike
1-1: Foul Ball, location: 2F
1-2: Strikes out looking
Batting: RHB Don Keating 0-0: Foul Ball, location: 2F
0-1: Ball
1-1: Called Strike
1-2: Foul Ball, location: 2F
1-2: SINGLE (Flyball, 78S)
Joaquín González scores
Javier Orozco to third
Ramón Torres to second
Runner from 3rd tries for Home, SAFE, no throw or cutoff
Batting: RHB Ed Small 0-0: Ground out 6-3 (Groundball, 6)
Top of the 8th over - 2 run(s), 2 hit(s), 0 error(s), 2 left on base; Waba 5 - Indiana 3
BOTTOM OF THE 8TH
Indiana Hounds batting - Pitching for Waba Ducks : RHP Tyrone Williams
Pitching: RHP Yodo Nakagawa
Now at 3B: Ed Hunter
Batting: RHB Doug Murray 0-0: Ball
1-0: Called Strike
1-1: Ball
2-1: Ball
3-1: Base on Balls
Batting: RHB Barney Lawson 0-0: Fly out, F6 (Popup, 15)
Batting: RHB Danny Walker 0-0: Foul Ball, location: 2F
0-1: Foul Ball, location: 2F
0-2: Ball
1-2: Foul Ball, location: 2F
1-2: Strikes out swinging
Batting: RHB António Venecia 0-0: Ball
1-0: Ball
2-0: Ball
3-0: Called Strike
3-1: Base on Balls
Doug Murray to second
Pitching: LHP Francisco Flores
Pinch Hitting: RHB Jorge Rodríguez 0-0: Fly out, F7 (Flyball, 78D)
Bottom of the 8th over - 0 run(s), 0 hit(s), 0 error(s), 2 left on base; Waba 5 - Indiana 3
TOP OF THE 9TH
Waba Ducks batting - Pitching for Indiana Hounds : LHP Ian DeMichelis
Now at 3B: Juan Brito
Batting: RHB Chris Osborn 0-0: Called Strike
0-1: Ball
1-1: Swinging Strike
1-2: Strikes out swinging
Batting: LHB Terry White 0-0: Foul Ball, location: 2F
0-1: Foul Ball, location: 2F
0-2: Ball
1-2: Foul Ball, location: 2F
1-2: Strikes out swinging
Pitching: RHP Estefan Jiménez
Batting: RHB Pepe Medrano 0-0: Ground out 6-3 (Groundball, 6M)
Top of the 9th over - 0 run(s), 0 hit(s), 0 error(s), 0 left on base; Waba 5 - Indiana 3
BOTTOM OF THE 9TH
Indiana Hounds batting - Pitching for Waba Ducks : LHP Francisco Flores
Pitching: RHP Alex Osborn
Batting: RHB Marc Ploughman 0-0: Ball
1-0: Foul Ball, location: 2F
1-1: Called Strike
1-2: Ground out 6-3 (Groundball, 6M)
Batting: RHB Don Simpson 0-0: Ball
1-0: SINGLE (Line Drive, 34)
Batting: RHB Víctor Chávez 0-0: Ball
1-0: SINGLE (Line Drive, 6D)
Don Simpson to second
Batting: RHB Will Brown 0-0: Ball
1-0: Ball
2-0: Ball
3-0: Base on Balls
Don Simpson to third
Víctor Chávez to second
Pinch Hitting: LHB Diego Torres 0-0: Called Strike
0-1: Ball
1-1: Ball
2-1: Fly out, F5 (Popup, 5F)
Batting: RHB Barney Lawson 0-0: Swinging Strike
0-1: Ball
1-1: Ball
2-1: SINGLE (Line Drive, 56)
Don Simpson scores
Víctor Chávez to third
Will Brown to second
Runner from 3rd tries for Home, SAFE, no throw or cutoff
Pinch Hitting: RHB Juan Valverde 0-0: Ball
1-0: Ball
2-0: Foul Ball, location: 2F
2-1: Ball
3-1: Base on Balls
Will Brown to third
Barney Lawson to second
Batting: RHB António Venecia 0-0: GRAND SLAM HOME RUN (Flyball, 7D), Distance : 357 ft
This league is powered by Out of the Park Baseball, the baseball management simulation game for PC, Mac and Linux
Tuesday, August 2nd, 2016 - OOTP Baseball 16.8 Build 38